 Seeded DCSS version 0.31-a0-1576-ga3383bade6 (webtiles) character file.

Game seed: 16090307882996012164 (custom seed)

210246 thriggle the Impaler (level 18, -18/169 HPs)
             Began as a Merfolk Gladiator on Jan 4, 2024.
             Was an Initiate of Gozag.
             Killed from afar by a deep elf annihilator (30 damage)
             ... with a poison arrow
             ... on level 3 of the Elven Halls.
             The game lasted 02:52:04 (33854 turns).

thriggle the Impaler (Merfolk Gladiator)           Turns: 33854, Time: 02:52:07

Health: -18/169    AC: 31    Str: 15    XL:     18   Next: 85%
Magic:  28/28      EV: 11    Int: 11    God:    Gozag
Gold:   5659       SH: 27    Dex: 17    Spells: 19/31 levels left

rFire   + + .        b - +7 trident (flame)
rCold   + . .        L - +4 tower shield {AC+3}
rNeg    . . .        R - +3 chain mail {rC+}
rPois   .            U - +2 helmet {SInv}
rElec   .            Q - +2 cloak {rF+}
rCorr   .            (no gloves)
SInv    +            m - +2 pair of boots
Will    +++..        O - amulet of reflection
Stlth   ++           Y - ring "Masuschie" {rF+ Will++ Str-4 Int+2}
HPRegen 0.48/turn    K - ring of Okawaru, Teaching {AC+4 Slay+4}
MPRegen 0.21/turn

%: reflection
@: lethally poisoned (-18 -> -65), silenced (expiring), hasted, studying
Shields, very quick
A: (nimble swimmer 2), mertail, robust 2
}: 1/15 runes: decaying
a: Renounce Religion


You were on level 3 of the Elven Halls.
You worshipped Gozag.
Gozag was greatly pleased with you.
You visited 5 branches of the dungeon, and saw 26 of its levels.
You also visited: Bailey, Ice Cave and Volcano.

You collected 12306 gold pieces.
You spent 2698 gold pieces at shops.
You paid 3949 gold pieces to Gozag.

Inventory:

Hand Weapons
 b - a +7 trident of flaming (weapon)
 u - a +4 trident of freezing
 M - the +7 trident "Voikydd" {flame, *Rage rCorr Int-4 SInv}
   (You found it on level 7 of the Dungeon)

   Int-4:     It affects your intelligence (-4).
   SInv:      It lets you see invisible.
   *Rage:     It berserks you when you make melee attacks (+20% chance).
   rCorr:     It protects you from acid and corrosion.
 Z - the +5 scythe "Finisher" {speed, execute}
   (You found it on level 10 of the Dungeon)
Missiles
 d - 3 throwing nets
 e - 32 javelins
 f - 6 atropa-tipped darts
 l - 4 darts of dispersal
 n - 11 curare-tipped darts
 C - 44 poisoned darts
 I - 6 datura-tipped darts
 X - 17 boomerangs (quivered)
Armour
 m - a +2 pair of boots (worn)
 L - a +4 tower shield of protection (worn)
 Q - a +2 cloak of fire resistance (worn)
 R - a +3 chain mail of cold resistance (worn)
 U - a +2 helmet of see invisible (worn)
Jewellery
 c - the dreamshard necklace {Acrobat *Dream}
   (You found it on level 1 of the Elven Halls)

   [amulet of the acrobat]

   *Dream:    It absorbs a single lethal wound into itself, holding its wearer
   just short of death and releasing dream-creatures to guard them.
   Acrobat:   It increases your evasion while moving and waiting.
 o - a ring of poison resistance
 r - the ring "Koifatasi" {rF+ rCorr Str+5}
   (You took it off a centaur warrior on level 11 of the Dungeon)

   [ring of protection from fire]

   Str+5:     It affects your strength (+5).
   rF+:       It protects you from fire.
   rCorr:     It protects you from acid and corrosion.
 K - the ring of Okawaru, Teaching (right hand) {AC+4 Slay+4}
   (You found it on level 7 of the Dungeon)

   [ring of protection]

   AC+4:      It affects your AC (+4).
   Slay+4:    It affects your accuracy & damage with ranged weapons and melee
   (+4).
 O - an amulet of reflection (around neck)
 Y - the ring "Masuschie" (left hand) {rF+ Will++ Str-4 Int+2}
   (You acquired it in a bailey)

   [ring of protection from fire]

   Str-4:     It affects your strength (-4).
   Int+2:     It affects your intelligence (+2).
   rF+:       It protects you from fire.
   Will++:    It greatly increases your willpower.
Wands
 a - a wand of flame (84)
 h - a wand of charming (3)
 q - a wand of polymorph (2)
 J - a wand of light (3)
 N - a wand of iceblast (14)
 P - a wand of digging (7)
 S - a wand of mindburst (17)
Scrolls
 i - 2 scrolls of fear
 t - 3 scrolls of enchant weapon
 x - 3 scrolls of brand weapon
 y - a scroll of fog
 B - a scroll of silence
 F - 9 scrolls of teleportation
 T - 3 scrolls of identify
 W - 2 scrolls of poison
Potions
 g - 2 potions of berserk rage
 j - a potion of haste
 k - 4 potions of mutation
 p - 2 potions of curing
 s - 7 potions of attraction
 w - 5 potions of might
 A - 2 potions of invisibility
 D - a potion of ambrosia
 E - a potion of cancellation
Miscellaneous
 V - a phantom mirror (inert)


   Skills:
 + Level 12.5 Fighting
 * Level 19.2 Polearms
 + Level 11.3 Throwing
 + Level 8.5 Armour
 + Level 14.8 Dodging
 + Level 12.9 Stealth
 + Level 12.7 Shields
 - Level 5.0 Unarmed Combat
 - Level 7.0 Spellcasting
 - Level 1.0 Conjurations
 - Level 6.3 Summonings
 - Level 1.0 Air Magic
 - Level 8.8 Alchemy
 + Level 9.7 Evocations
 - Level 6.0 Shapeshifting


You had 19 spell levels left.
You knew the following spells:

 Your Spells              Type           Power      Damage    Failure   Level
a - Summon Small Mammal   Summ           68%        N/A       52%         1
b - Mercury Vapours       Alch/Air       28%        N/A       85%         2
c - Olgreb's Toxic Radia  Alch           23%        N/A       91%         4
d - Call Imp              Summ           34%        N/A       65%         2
e - Mephitic Cloud        Conj/Alch/Air  11%        N/A       99%         3

Your spell library contained the following spells:

 Spells                   Type           Power      Damage    Failure   Level
 Call Canine Familiar     Summ           17%        N/A       87%         3
 Magic Dart               Conj           24%        1d4       99%         1
 Shock                    Conj/Air       24%        1d4       99%         1
 Foxfire                  Conj/Fire      16%        2x1d4     100%        1
 Freeze                   Ice            12%        1d3       100%        1
 Blink                    Tloc           6%         N/A       100%        2
 Lesser Beckoning         Tloc           6%         N/A       100%        2
 Momentum Strike          Conj/Tloc      8%         3d8       100%        2
 Scorch                   Fire           6%         2d5       100%        2
 Searing Ray              Conj           12%        2d4       100%        2
 Sublimation of Blood     Necr           3%         N/A       100%        2
 Dazzling Flash           Conj/Hex       8%         N/A       100%        3
 Frozen Ramparts          Ice            6%         1d1       100%        3
 Inner Flame              Hex/Fire       3%         N/A       100%        3
 Swiftness                Air            6%         N/A       100%        3
 Airstrike                Air            3%         2d(1-17)  100%        4
 Flame Wave               Conj/Fire      4%         2d5       100%        4
 Fulminant Prism          Conj/Alch      7%         3d6       100%        4
 Leda's Liquefaction      Alch/Erth      6%         N/A       100%        4
 Summon Blazeheart Golem  Fire/Summ      10%        N/A       100%        4
 Borgnjor's Vile Clutch   Necr/Erth      1%         N/A       100%        5
 Curse of Agony           Necr           3%         N/A       100%        5
 Fireball                 Conj/Fire      2%         3d4       100%        5
 Lee's Rapid Deconstruct  Erth           1%         3d4*      100%        5
 Silence                  Hex/Air        2%         N/A       100%        5
 Bombard                  Conj/Erth      2%         9d1       100%        6
 Death Channel            Necr           1%         N/A       100%        6
 Plasma Beam              Fire/Air       2%         2x1d12    100%        6
 Summon Cactus Giant      Summ           8%         N/A       100%        6
 Ozocubu's Refrigeration  Ice            1%         4d7       100%        7
 Summon Hydra             Summ           8%         N/A       100%        7
 Discord                  Hex            1%         N/A       100%        8
 Chain Lightning          Conj/Air       3%         3d4       100%        9
 Animate Dead             Necr           Unusable   N/A       N/A         4

Dungeon Overview and Level Annotations

Branches:
Dungeon (12/15)            Temple (0/1) D:4            Lair (5/5) D:9
  Swamp (4/4) Lair:2       Spider (0/4) Lair:2        Slime (0/5) Lair:4
    Orc (2/2) D:9             Elf (3/3) Orc:2        Bailey (visited)
  IceCv (visited)         Volcano (visited)

Altars:
Gozag
Makhleb
Qazlal
Trog
Vehumet
Wu Jian
Xom
Yredelemnul
Jiyva

Shops:
D:2 =   D:4 !   Orc:1 *(   Orc:2 (*:!   Elf:1 [![

Portals:
Pandemonium: Orc:2

Annotations:
Lair:1 3 runed translucent doors, Anno's ghost, journeyman FeDe; pigah's ghost, journeyman OpSh
Orc:1 2 transporters, grandjackal's ghost, journeyman DsGl


Innate Abilities, Weirdness & Mutations

((You are very nimble when in or above water. (Stealth+, EV+, Speed+++)))
Your lower body shifts to a powerful aquatic tail in water.
You are very robust. (+20% HP)


Message History

The deep elf annihilator blinks!
The deep elf sorcerer is empowered by something's aura!
The deep elf sorcerer attacks as it pursues you!
You block the deep elf sorcerer's attack.
The deep elf sorcerer points at you and mumbles some strange words.
The deep elf blademaster is no longer distracted by gold.
The deep elf blademaster resists with almost no effort.
The deep elf annihilator mumbles some strange words.
The deep elf annihilator blinks!
The deep elf annihilator seems less brilliant.
The deep elf sorcerer is no longer blind.
The +6 battleaxe of electrocution is no longer distracted by gold.
The deep elf elementalist attacks as it pursues you!
The deep elf elementalist hits you but does no damage.
The deep elf annihilator is empowered by something's aura!
The deep elf annihilator casts a spell.
The deep elf annihilator blinks!
The deep elf sorcerer is no longer moving quickly.
The deep elf sorcerer is no longer blind.
The deep elf sorcerer mumbles some strange words.
The deep elf sorcerer seems to speed up.
The deep elf elementalist points next to you and mumbles some strange words.
The wall shatters!
The blast of rock fragments hits you but does no damage.
The deep elf annihilator casts a spell at you.
You block the poison arrow... and reflect it back!
The poison arrow hits the deep elf annihilator!!
The deep elf annihilator looks as sick as possible!
You puncture the deep elf annihilator! You burn the deep elf annihilator.
The deep elf annihilator is severely wounded.
The deep elf annihilator mumbles some strange words.
The deep elf annihilator blinks!
The deep elf elementalist barely misses you.
You completely miss the deep elf annihilator.
The deep elf annihilator is severely wounded.
The deep elf annihilator casts a spell at you.
The poison arrow hits you!!
You are lethally poisoned!
You die...
Your body crumbles into a pile of gold.

.4e #...#.)#~ #ee# #...#..'.
#ee# #...#..'. #..# #...#..')
#..# #...'..#) #e.# #...#..#≈
#########..############...#..#≈
#.....'..$(.e..#.........###+#≈
#.....#.$$ee.e@#........## ##
#.....#..e.§.e.e.......## #
###'###+#########'######
#.....^................#
#......................+
######################### #
≈≈≈≈≈≈≈≈≈≈≈≈## ##
~~≈≈~~~~~~~~≈#####≈
...........≈≈≈≈≈≈~~


You could see a deep elf blademaster, 3 deep elf annihilators, 3 deep elf
sorcerers, a deep elf elementalist (fast, empowered, repels missiles) and a +6
battleaxe of electrocution.

Vanquished Creatures
  the Lernaean hydra (Swamp:4)
  A deep elf master archer (Elf:3)
  A fenstrider witch (Swamp:4)
  A deep elf sorcerer (Elf:3)
  2 ghouls (Swamp:3)
  3 eleionomae
  A deep elf death mage (Elf:3)
  3 bunyips
  2 deep elf annihilators (Elf:3)
  A deep elf demonologist (Elf:3)
  The ghost of grandjackal the Demonic Mishap, a journeyman DsGl of Qazlal (Orc:2)
  2 fire dragons (Lair:5)
  2 blizzard demons (IceCv)
  An ettin (Orc:1)
  16 hydras
  Erolcha (Orc:2)
  An ice dragon (Elf:1)
  A demonspawn (Orc:2)
  2 caustic shrike simulacra (IceCv)
  4 ghost crabs
  Erica (D:8)
  A centaur warrior (D:11)
  8 alligators
  A death knight (D:11)
  2 catoblepae
  2 boulder beetles (D:11)
  The ghost of zenocrate the Covert, a journeyman VSEn of Gozag (Lair:2)
  15 death yaks (Lair:5)
  A spriggan berserker (Swamp:4)
  22 dancing weapons
  8 orc high priests
  17 deep elf knights
  3 skysharks (Lair:5)
  8 spriggans
  4 goliath frogs
  2 skeletal warriors
  14 bog bodies
  A spriggan druid (Swamp:3)
  11 swamp dragons
  10 deep elf archers
  An obsidian statue (IceCv)
  A lindwurm (Lair:5)
  A necromancer (Swamp:2)
  4 spriggan simulacra (IceCv)
  4 orc knights
  3 ugly things (D:11)
  40 deep elf pyromancers
  28 deep elf zephyrmancers
  4 cyclopes (D:11)
  3 alligator zombies (Swamp:2)
  5 will-o-the-wisps
  4 orc sorcerers
  A wolf spider (Lair:2)
  Maurice (Orc:2)
  A manticore (D:11)
  A black mamba (shapeshifter) (Elf:2)
  3 black mambas
  8 elephants
  3 kobold blastminers (Orc:2)
  6 torpor snails (Lair:5)
  9 cane toads
  A smoke demon (Orc:2)
  2 kobold demonologists (D:9)
  A gargoyle (D:12)
  2 freezing wraiths (IceCv)
  2 unseen horrors (D:11)
  2 rime drakes
  13 komodo dragons
  8 ice devils
  2 hydra zombies (Swamp:2)
  2 anaconda simulacra (IceCv)
  4 polar bears
  14 hornets
  2 bloated husks
  5 trolls
  A hellwing (Orc:2)
  12 tyrant leeches
  22 blink frogs
  2 alligator simulacra (IceCv)
  2 slime creatures (D:11)
  2 vampires (D:11)
  A culicivora (Lair:2)
  A dire elephant simulacrum (IceCv)
  A spriggan (shapeshifter) (Elf:1)
  2 air elementals (Elf:3)
  2 shadows
  9 wyverns
  An unseen horror simulacrum (D:10)
  4 wraiths (D:10)
  63 yaks
  5 water elementals
  9 fire elementals
  6 basilisks
  A ynoxinul (Orc:2)
  Eustachio (D:6)
  9 minotaur simulacra (IceCv)
  A neqoxec (Orc:2)
  3 steam dragons
  7 vampire mosquitoes
  Edmund (D:6)
  2 hydra simulacra (Swamp:2)
  15 swamp worms
  A harpy simulacrum (IceCv)
  4 acid dragons
  12 water moccasins
  4 hell hounds (Volcano)
  Duvessa (D:6)
  11 swamp drakes
  A black bear (D:6)
  A swamp dragon zombie (Swamp:2)
  42 orc warriors
  A sky beast (D:7)
  An ettin simulacrum (IceCv)
  2 ice beasts
  6 ogres
  18 wolves
  15 centaurs
  A phantom (D:5)
  4 kobold brigands
  A wyvern zombie (D:7)
  11 deep troll simulacra (IceCv)
  13 bullfrogs
  3 necrophages
  Blork the orc (D:6)
  An earth elemental (Elf:3)
  5 scorpions
  Dowan (D:6)
  16 wights
  11 killer bees
  5 lindwurm simulacra (IceCv)
  4 electric eels
  7 howler monkeys
  A centaur zombie (D:7)
  2 bullfrog zombies (D:7)
  A human zombie (D:7)
  34 orc priests
  2 hounds (D:5)
  5 jellies
  2 sleepcaps
  2 gnoll boudas
  9 iguanas
  14 orc wizards
  2 killer bee zombies (D:7)
  3 centaur simulacra
  2 howler monkey zombies (D:7)
  8 gnolls
  7 adders
  9 white imps
  A howler monkey simulacrum (D:10)
  9 ufetubi
  3 ribbon worms
  11 dart slugs (D:4)
  89 orcs
  7 ball pythons
  6 bats
  6 endoplasms
  3 giant cockroaches
  9 hobgoblins
  6 jackals (D:1)
  3 quokkas
  5 frilled lizards
  4 goblins
  22 kobolds
  3 rats
1049 creatures vanquished.

Vanquished Creatures (collateral kills)
  A swamp dragon (Swamp:4)
  An orc sorcerer (Orc:2)
2 creatures vanquished.

Vanquished Creatures (others)
  Louise (Swamp:1)
  A deep elf high priest (Elf:3)
  A spriggan (Swamp:3)
  2 deep elf knights
  A swamp dragon (Swamp:4)
  A bog body (Swamp:4)
  A hornet (Swamp:3)
  A fire elemental (Elf:1)
  A swamp drake (Swamp:4)
  An orc (Bailey)
  22 foxfires
33 creatures vanquished.

Grand Total: 1084 creatures vanquished

Notes
Turn   | Place    | Note
-------+----------+-------------------------------------------
     0 | D:1      | thriggle the Merfolk Gladiator began the quest for the Orb.
     0 | D:1      | Reached XP level 1. HP: 16/16 MP: 1/1
    96 | D:1      | Reached XP level 2. HP: 22/22 MP: 2/2
   208 | D:1      | Reached XP level 3. HP: 28/28 MP: 3/3
   586 | D:2      | Reached skill level 1 in Stealth
   641 | D:2      | Found a radiant altar of Vehumet.
   697 | D:2      | Gained mutation: You are robust. (+10% HP) [potion of
                  | mutation]
   697 | D:2      | Gained mutation: You are very robust. (+20% HP) [potion of
                  | mutation]
  1113 | D:2      | Found a faded altar of an unknown god.
  1121 | D:2      | Prayed at the altar of an unknown god.
  1121 | D:2      | Became a worshipper of Gozag Ym Sagoz the Greedy
  1160 | D:2      | Found Xusyledi's Jewellery Emporium.
  1336 | D:2      | Reached XP level 4. HP: 36/40 MP: 4/4
  2385 | D:4      | Noticed an ogre
  2385 | D:4      | Found Baunaude's Distillery.
  2389 | D:4      | Killed an ogre
  2390 | D:4      | Reached skill level 1 in Armour
  2390 | D:4      | Reached XP level 5. HP: 49/49 MP: 5/5
  2460 | D:4      | Bought a potion of curing for 33 gold pieces
  2460 | D:4      | Bought a potion of brilliance for 44 gold pieces
  2460 | D:4      | Bought a potion of might for 44 gold pieces
  2460 | D:4      | Bought a potion of invisibility for 88 gold pieces
  2514 | D:4      | Noticed an ice beast
  2534 | D:4      | Reached skill level 5 in Polearms
  2534 | D:4      | Reached skill level 5 in Dodging
  2534 | D:4      | Reached XP level 6. HP: 56/56 MP: 6/6
  2551 | D:4      | Killed an ice beast
  2726 | D:4      | Reached XP level 7. HP: 55/63 MP: 7/7
  2792 | D:4      | Found a staircase to the Ecumenical Temple.
  3265 | D:4      | Found a shimmering altar of Xom.
  3265 | D:4      | Found an ornate altar of the Wu Jian Council.
  3422 | D:5      | Entered Level 5 of the Dungeon
  3567 | D:5      | Reached skill level 1 in Shapeshifting
  4084 | D:5      | Reached skill level 6 in Polearms
  4355 | D:6      | Reached skill level 1 in Unarmed Combat
  4355 | D:6      | Reached XP level 8. HP: 70/73 MP: 8/8
  4524 | D:6      | Noticed Edmund
  4540 | D:6      | Killed Edmund
  4564 | D:6      | Noticed Eustachio
  4786 | D:6      | Noticed Blork the orc
  4798 | D:6      | Killed Eustachio
  4799 | D:6      | Reached skill level 5 in Fighting
  4807 | D:6      | Noticed Duvessa
  4816 | D:6      | Killed Blork the orc
  4823 | D:6      | Noticed Dowan
  4844 | D:6      | Reached XP level 9. HP: 51/81 MP: 3/9
  4844 | D:6      | Killed Duvessa
  4845 | D:6      | Reached skill level 7 in Polearms
  4869 | D:6      | Killed Dowan
  4924 | D:6      | Found a stormy altar of Qazlal.
  5109 | D:6      | Reached skill level 5 in Stealth
  5616 | D:7      | Identified the ring of Okawaru, Teaching {AC+4 Slay+4}
  5731 | D:7      | Reached skill level 5 in Throwing
  5793 | D:7      | Identified the +7 trident "Voikydd" {flame, *Rage rCorr
                  | Int-4 SInv}
  5862 | D:7      | Reached skill level 8 in Polearms
  6186 | D:7      | Reached XP level 10. HP: 91/91 MP: 8/10
  6253 | D:7      | Found a basalt altar of Yredelemnul.
  6729 | D:8      | Reached skill level 9 in Polearms
  6844 | D:8      | Learned a level 1 spell: Summon Small Mammal
  6882 | D:8      | Noticed Erica
  6895 | D:8      | Killed Erica
  6896 | D:8      | Reached skill level 1 in Evocations
  7006 | D:8      | Reached skill level 1 in Summonings
  7489 | D:9      | Reached skill level 1 in Spellcasting
  7721 | D:9      | Reached skill level 10 in Polearms
  7721 | D:9      | Reached skill level 5 in Unarmed Combat
  7721 | D:9      | Reached XP level 11. HP: 99/99 MP: 11/13
  7762 | D:9      | Found a burning altar of Makhleb.
  7788 | D:9      | Found an opulent altar of Gozag.
  8064 | D:9      | Found a staircase to the Lair.
  8360 | D:9      | Found a staircase to the Orcish Mines.
  8402 | D:10     | Entered Level 10 of the Dungeon
  8457 | D:10     | Found a flagged portal.
  8553 | Bailey   | Entered a bailey
  8929 | Bailey   | Reached skill level 11 in Polearms
  8969 | Bailey   | Acquired the ring "Masuschie" {rF+ Will++ Str-4 Int+2}
  8972 | Bailey   | Got Sif Muna's Exposition on the Birds
  8976 | Bailey   | Learned a level 2 spell: Mercury Vapours
  8980 | Bailey   | Reached skill level 5 in Shapeshifting
  9243 | D:10     | Noticed a skeletal warrior
  9243 | D:10     | Found the +5 scythe "Finisher" {speed, execute}
  9250 | D:10     | Killed a skeletal warrior
  9251 | D:10     | Reached skill level 1 in Shields
  9251 | D:10     | Reached skill level 1 in Alchemy
  9269 | D:10     | Reached XP level 12. HP: 109/109 MP: 16/16
  9541 | D:10     | Identified the ring of Zofig {Str+3 SInv}
 10219 | D:11     | Noticed a boulder beetle
 10226 | D:11     | Killed a boulder beetle
 10717 | D:11     | Reached skill level 5 in Armour
 10834 | D:11     | Reached skill level 12 in Polearms
 10867 | D:11     | Noticed a six-headed hydra
 10872 | D:11     | Killed a six-headed hydra
 10881 | D:11     | Identified the ring "Koifatasi" {rF+ rCorr Str+5}
 10881 | D:11     | Noticed a centaur warrior
 10892 | D:11     | Killed a centaur warrior
 10901 | D:11     | Noticed a death knight
 10922 | D:11     | Killed a death knight
 11090 | D:11     | Reached skill level 10 in Dodging
 11116 | D:11     | Noticed a boulder beetle
 11143 | D:11     | Killed a boulder beetle
 11449 | D:11     | Reached XP level 13. HP: 115/117 MP: 19/19
 11650 | D:11     | Identified the +4 battleaxe "Gasy" {drain, rElec Str+3}
 12001 | Orc:1    | Entered Level 1 of the Orcish Mines
 12035 | Orc:1    | Noticed an ettin
 12045 | Orc:1    | Killed an ettin
 12230 | Orc:1    | Found a transporter.
 12236 | Orc:1    | Noticed grandjackal's ghost (journeyman DsGl)
 12237 | Orc:1    | Found a bloodstained altar of Trog.
 12294 | Orc:1    | Found Raishiud's General Store.
 12303 | Orc:1    | Bought a scroll of teleportation for 42 gold pieces
 12303 | Orc:1    | Bought a +3 chain mail of cold resistance for 371 gold
                  | pieces
 12350 | Orc:1    | Found a transporter.
 12356 | Orc:1    | Noticed an ettin
 12494 | Orc:1    | Found a transporter.
 12494 | Orc:1    | Found Ytanlin's Antique Weapon Boutique.
 12752 | Orc:1    | Found a transporter.
 12811 | Orc:2    | Entered Level 2 of the Orcish Mines
 12816 | Orc:2    | Reached skill level 5 in Evocations
 12964 | Orc:2    | Reached skill level 5 in Shields
 13230 | Orc:2    | Found Xekhuq's Distillery.
 13322 | Orc:2    | Found Wyafeos's General Store.
 13608 | Orc:2    | Reached skill level 13 in Polearms
 13608 | Orc:2    | Found a runed translucent door.
 13608 | Orc:2    | Noticed grandjackal's ghost (journeyman DsGl)
 13641 | Orc:2    | Noticed Maurice
 13662 | Orc:2    | Killed Maurice
 13723 | Orc:2    | Noticed Erolcha
 13727 | Orc:2    | Killed Erolcha
 13803 | Orc:2    | Found a staircase to the Elven Halls.
 13893 | Orc:2    | Bought a scroll of summoning for 104 gold pieces
 13901 | Orc:2    | Bought a potion of cancellation for 96 gold pieces
 14176 | Orc:2    | Reached skill level 5 in Alchemy
 14522 | Orc:2    | Paralysed by an orc sorcerer for 5 turns
 14838 | Orc:2    | Found Wiasyqus's Antique Weapon Shoppe.
 14838 | Orc:2    | Found Ihinurit's Book Emporium.
 14846 | Orc:2    | Reached skill level 5 in Spellcasting
 14846 | Orc:2    | Reached XP level 14. HP: 129/129 MP: 21/21
 14858 | Orc:2    | Found a one-way gate leading to the halls of Pandemonium.
 14968 | Orc:2    | Killed grandjackal's ghost
 15276 | Lair:1   | Entered Level 1 of the Lair of Beasts
 15378 | Lair:1   | Found a runed translucent gate.
 15378 | Lair:1   | Found a runed translucent gate.
 15378 | Lair:1   | Found a runed translucent gate.
 15379 | Lair:1   | Noticed pigah's ghost (journeyman OpSh)
 15380 | Lair:1   | Noticed Anno's ghost (journeyman FeDe)
 15628 | Lair:1   | Learned a level 4 spell: Olgreb's Toxic Radiance
 16221 | Lair:2   | Reached skill level 14 in Polearms
 16569 | Lair:2   | Reached skill level 1 in Air Magic
 16986 | Lair:2   | Noticed zenocrate's ghost (journeyman VSEn)
 16996 | Lair:2   | Found a runed translucent gate.
 16996 | Lair:2   | Found a runed translucent gate.
 16998 | Lair:2   | Found a runed translucent gate.
 17003 | Lair:2   | Found a staircase to the Swamp.
 17175 | Lair:2   | Found a hole to the Spider Nest.
 17519 | Lair:2   | Killed zenocrate's ghost
 18656 | Lair:4   | Found a dark tunnel.
 18667 | Volcano  | Entered a volcano
 18878 | Volcano  | Reached skill level 5 in Summonings
 18896 | Volcano  | Reached XP level 15. HP: 100/138 MP: 23/23
 19523 | Lair:4   | Found a viscous altar of Jiyva.
 19539 | Lair:4   | Found a staircase to the Slime Pits.
 19568 | Lair:4   | Reached skill level 10 in Stealth
 20076 | Lair:5   | Entered Level 5 of the Lair of Beasts
 20083 | Lair:5   | Reached skill level 15 in Polearms
 20121 | Lair:5   | Reached skill level 10 in Fighting
 20619 | Lair:5   | Learned a level 2 spell: Call Imp
 21051 | Lair:5   | Paralysed by a hornet for 1 turns
 22393 | Lair:5   | Reached XP level 16. HP: 139/147 MP: 25/25
 22733 | Swamp:1  | Entered Level 1 of the Swamp
 22775 | Swamp:1  | Noticed Louise
 22802 | Swamp:1  | Killed Louise
 22978 | Lair:2   | Learned a level 3 spell: Mephitic Cloud
 23338 | Swamp:1  | Identified the +6 dagger of Lenamnul {flame, *Noise rPois
                  | Int+7 SInv}
 23338 | Swamp:1  | You fall into a shaft and drop 1 floor!
 23469 | Swamp:1  | Reached skill level 16 in Polearms
 23544 | Swamp:1  | Reached skill level 1 in Conjurations
 25998 | Swamp:3  | Reached skill level 10 in Shields
 26000 | Swamp:3  | Reached skill level 10 in Throwing
 26437 | Swamp:4  | Entered Level 4 of the Swamp
 26446 | Swamp:4  | Noticed a fenstrider witch
 26453 | Swamp:4  | Killed a fenstrider witch
 26610 | Swamp:4  | Reached XP level 17. HP: 109/157 MP: 27/27
 26627 | Swamp:4  | Reached skill level 17 in Polearms
 26810 | Swamp:4  | Noticed the 27-headed Lernaean hydra
 26827 | Swamp:4  | Killed the 27-headed Lernaean hydra
 26829 | Swamp:4  | Got a decaying rune of Zot
 26966 | Swamp:4  | Identified the +3 dagger of Gallantry {flame, rC+}
 27790 | Elf:1    | Entered Level 1 of the Elven Halls
 27829 | Elf:1    | Found a radiant altar of Vehumet.
 28081 | Elf:1    | Found a frozen archway.
 28091 | IceCv    | Entered an ice cave
 29119 | IceCv    | Got the Quarto of the Subzero Tropics
 29128 | IceCv    | Identified the +4 scimitar "Dragon's Tongue" {antimagic,
                  | ^Fragile rN+ Stlth+}
 29507 | Elf:1    | Reached skill level 18 in Polearms
 29913 | Elf:1    | Found the dreamshard necklace {Acrobat *Dream}
 30014 | Elf:1    | Reached XP level 18. HP: 135/168 MP: 28/28
 30149 | Elf:1    | Identified the +1 robe of the Orb Guardian {Harm ^Drain
                  | SInv Archmagi}
 30182 | Elf:1    | Found Oschu's Distillery.
 30184 | Elf:1    | Found Kioguq's Antique Armour Emporium.
 30186 | Elf:1    | Bought a potion of curing for 45 gold pieces
 30186 | Elf:1    | Bought a potion of curing for 45 gold pieces
 30186 | Elf:1    | Bought a potion of curing for 45 gold pieces
 30192 | Elf:1    | Bought runed steam dragon scales for 1376 gold pieces
 30739 | Elf:1    | Found Uderch's Armour Shop.
 30744 | Elf:1    | Bought a +2 helmet of see invisible for 365 gold pieces
 30815 | Elf:2    | Got the Codex of Roasted Anemomancy
 31375 | Elf:2    | Found a huge runed translucent gate.
 31375 | Elf:2    | Found a huge runed translucent gate.
 31376 | Elf:2    | Found a huge runed translucent gate.
 31376 | Elf:2    | Found a huge runed translucent gate.
 31376 | Elf:2    | Found a huge runed translucent gate.
 31602 | Elf:3    | Entered Level 3 of the Elven Halls
 33035 | Elf:3    | Paralysed by an air elemental for 1 turns
 33047 | Elf:3    | Paralysed by an air elemental for 1 turns
 33052 | Elf:3    | Paralysed by an air elemental for 1 turns
 33116 | Elf:3    | Reached skill level 19 in Polearms
 33815 | Elf:3    | Noticed a deep elf master archer
 33829 | Elf:3    | Noticed a deep elf blademaster
 33834 | Elf:3    | Killed a deep elf master archer
 33846 | Elf:3    | HP: 3/169 [deep elf sorcerer/bolt of acid (23)]
 33854 | Elf:3    | Killed from afar by a deep elf annihilator

Illustrated notes

Levels and vault maps discovered:
D:1:      minmay_arrival_arboretum_small, layout_rooms
D:2:      wander_river, layout_basic, shapermc_ecumenical_altar_mp_highgroup,
          serial_shops, nicolae_shop_gaudy_bauble, basic_altar,
          grunt_ministairs_3
D:3:      layout_loops_corners, serial_bayou_lagoon_b
D:4:      kennysheep_slugbush, layout_basic, nicolae_overflow_two_pavilions,
          minmay_temple_entry_butterflies, nicolae_stop_n_shop_1
D:5:      layout_loops_ring, minmay_hedge_maze
D:6:      layout_gridville, nicolae_qazlal_scattered_showers, uniq_duvessa,
          uniq_eustachio, uniq_blork_the_orc, uniq_edmund
D:7:      layout_cave_pods, lemuel_mausoleum_altar_yredelemnul, serial_glass,
          glass_columns_c, glass_columns_a, minmay_gold_behind_fungi
D:8:      lemuel_ice_spiral_2, layout_rooms, uniq_erica
D:9:      minmay_skewed_foursquare, layout_rooms,
          amethyst_overflow_temple_binary, lair_entry_dummy, david_orc_4,
          serial_ice, serial_ice_l, serial_ice_a, serial_ice_f, serial_ice_m,
          serial_ice_c, serial_ice_o, serial_ice_e
D:10:     layout_stronghold, serial_ice, serial_ice_d, serial_ice_k,
          serial_ice_m, serial_ice_n, enter_bailey_2, st_stairs_6, minivault_19,
          chequers_hall_statues_corner_a, minmay_guarded_unrand_finisher
D:11:     minmay_the_grid_triangle_9x9_line_8_mashed
          [minmay_the_grid_triangle_9x9_warning,
          minmay_the_grid_triangle_9x9_wacky_v,
          minmay_the_grid_triangle_9x9_cache,
          minmay_the_grid_triangle_9x9_sparse_checkered,
          minmay_the_grid_triangle_9x9_longest,
          minmay_the_grid_triangle_9x9_zippers_horizontal,
          minmay_the_grid_triangle_9x9_steps,
          minmay_the_grid_triangle_9x9_prize_schism], layout_basic,
          minmay_diced_spiral
D:12:     layout_cave_pods, uniq_gastronok
Lair:1:   layout_loops_ring, gammafunk_ghost_cemetery
Lair:2:   layout_cave_pods, minmay_swamp_entry_worms, spider_nest_entry_rubble,
          gammafunk_ghost_split, hangedman_lair_unloving_vines,
          serial_bayou_ford_a
Lair:3:   beast_lair_carwin_large_2, layout_layer_cave,
          chequers_serial_rivers_small_b
Lair:4:   layout_regular_city, nicolae_slime_entry_field_trip, enter_volcano_1,
          chequers_serial_rivers_large_a, lemuel_fruit_fields
Lair:5:   wormcave, layout_small_grid, guppyfry_lair_end_dragon,
          serial_bayou_pond_a
Swamp:1:  layout_basic_swamp, hangedman_swamp_ruin_wall, swamp_pool_3,
          infiniplex_staircase_pool, uniq_louise
Swamp:2:  layout_falls_marsh, evilmike_swamp_ruin_house_2, swamp_pool_1_2,
          nicolae_swamp_necromancer_hut
Swamp:3:  layout_basic_swamp, nicolae_swamp_tree_designs, hangedman_swamp_grove
Swamp:4:  grunt_swamp_rune_castle, layout_basic_swamp
Orc:1:    layout_diamond_mine, gammafunk_ghost_wrathful_warriors, serial_shops,
          shop, nicolae_shop_drivethru, basic_altar
Orc:2:    pf_orc_diabolical, layout_caves, hellmonk_ghost_happy_afterlife,
          uniq_erolcha, uniq_maurice
Elf:1:    eino_elf_arrival_altar, layout_loops_corners, serial_shops,
          nicolae_shop_back_alley_shop, portal_ice_cave_entry_dragon,
          hangedman_elven_crosses_minicolossus, minmay_shoptagon
Elf:2:    elven_hall_of_blades_hangedman_alternative
          [nicolae_blade_entry_area_security], layout_loops_ring,
          serial_co_window_serial, co_window_paths_b, co_window_paths_a,
          co_window_paths_b, co_window_paths_a, co_window_of_opportunity_a,
          co_window_cross_2, co_window_corner_b, co_window_2corner,
          glass_columns_b, glass_columns_b, uniq_jorgrun
Elf:3:    minmay_elf_hall_x, layout_geoelf_castle

Skill      XL: |  1  2  3  4  5  6  7  8  9 10 11 12 13 14 15 16 17 18 |
---------------+-------------------------------------------------------+-----
Stealth        | 1 2 3 4 5 6 7 8 9 10 11 12 | 12.9
Fighting       | 3 4 5 6 7 8 9 10 11 12 | 12.5
Armour         | 1 2 3 4 5 6 7 8 |  8.5
Polearms       | 5 6 8 10 11 12 13 14 15 16 18 19 | 19.2
Dodging        | 5 6 7 8 9 10 11 12 13 14 | 14.8
Throwing       | 3 4 5 6 7 8 9 10 11 | 11.3
Shapeshifting  | 2 3 4 5 6 |  6.0
Unarmed Combat | 1 2 3 5 |  5.0
Evocations     | 2 3 4 5 6 7 8 9 |  9.7
Summonings     | 1 3 4 5 6 |  6.3
Spellcasting   | 1 3 4 5 6 7 |  7.0
Shields        | 1 4 6 7 9 10 11 12 | 12.7
Alchemy        | 1 3 5 7 8 |  8.8
Air Magic      | 1 |  1.0
Conjurations   | 1 |  1.0

Action                     |  1- 3 |  4- 6 |  7- 9 | 10-12 | 13-15 | 16-18 || total
---------------------------+-------+-------+-------+-------+-------+-------++-------
  Melee: Trident           |   129 |   156 |   249 |   456 |   213 |  1361 ||  2564
         Punch             |     2 |     1 |     7 |    11 |    10 |       ||    31
         Tailslap          |       |     9 |       |    17 |     7 |    60 ||    93
         Halberd           |       |       |   116 |       |       |       ||   116
         Scythe            |       |       |       |   153 |   980 |    32 ||  1165
  Throw: Stone             |     3 |       |       |     4 |     2 |       ||     9
         Dart              |     1 |     2 |    19 |       |    10 |     7 ||    39
         Boomerang         |       |     9 |    18 |    15 |    49 |    57 ||   148
         Javelin           |       |       |       |       |     3 |     2 ||     5
   Cast: Summon Small Mamm |       |       |       |     2 |       |       ||     2
         Call Imp          |       |       |       |       |       |     1 ||     1
 Invoke: Potion Petition   |       |       |       |     1 |     3 |     6 ||    10
  Evoke: Wand              |       |       |       |       |     1 |     4 ||     5
         Phantom mirror    |       |       |       |       |       |     2 ||     2
    Use: Scroll            |     2 |     6 |     4 |     6 |     9 |    11 ||    38
         Potion            |     1 |       |       |     2 |    11 |    14 ||    28
   Stab: Sleeping          |     3 |     1 |     7 |    12 |     8 |    18 ||    49
         Distracted        |       |       |     1 |     6 |     9 |    11 ||    27
         Petrifying        |       |       |       |       |     1 |       ||     1
         Paralysed         |       |       |       |       |     1 |       ||     1
         Confused          |       |       |       |       |     2 |     1 ||     3
         Invisible         |       |       |       |       |       |     5 ||     5
 Armour: Leather armour    |    54 |    44 |   213 |   260 |    13 |       ||   584
         Chain mail        |       |       |       |       |   648 |   689 ||  1337
  Dodge: Dodged            |    76 |    96 |   316 |   402 |   541 |   282 ||  1713
  Block: Other             |       |       |       |    26 |   180 |     9 ||   215
         Reflection        |       |       |       |     2 |     7 |    69 ||    78
         Tower shield      |       |       |       |       |       |  1273 ||  1273
         Form:             |       |       |     1 |       |       |       ||     1
         Blade             |       |       |     1 |       |       |       ||     1

Table legend: (Time is in decaauts)
 A = Elapsed time spent in this place.
 B = Non-inter-level travel time spent in this place.
 C = Inter-level travel time spent in this place.
 D = Time resting spent in this place.
 E = Time spent auto-exploring this place.
 F = Levels seen in this place.
 G = Mean time per level.
                   A        B        C        D        E       F      G
               +--------+--------+--------+--------+--------+-----+--------+
         Total |  33121 |  31432 |   1689 |   4082 |  12615 |  29 | 1142.1 |
       Dungeon |  11462 |  10648 |    814 |    523 |   5238 |  12 |  955.2 |
          Lair |   7274 |   6949 |    325 |    955 |   3038 |   5 | 1454.8 |
         Swamp |   4161 |   4035 |    126 |    851 |   1415 |   4 | 1040.2 |
  Orcish Mines |   3230 |   2999 |    231 |    585 |   1095 |   2 | 1615.0 |
   Elven Halls |   4635 |   4444 |    191 |    539 |   1425 |   3 | 1545.0 |
        Bailey |    589 |    589 |      0 |      0 |     68 |   1 |  589.0 |
      Ice Cave |   1281 |   1281 |      0 |    436 |    335 |   1 | 1281.0 |
       Volcano |    485 |    485 |      0 |    189 |      0 |   1 |  485.0 |
               +--------+--------+--------+--------+--------+-----+--------+

Top non-repeatable levels by time:
  Lair:5: 2420 daAuts
   Orc:2: 2136 daAuts
  Lair:2: 2117 daAuts
    D:11: 1853 daAuts
   Elf:1: 1718 daAuts
   Elf:2: 1649 daAuts
 Swamp:2: 1330 daAuts
   IceCv: 1281 daAuts
     D:7: 1278 daAuts
   Elf:3: 1267 daAuts
     D:6: 1247 daAuts
   Orc:1: 1094 daAuts
     D:9: 1082 daAuts
  Lair:4: 1025 daAuts
     D:4: 1024 daAuts
